 Dungeon Crawl Stone Soup version 0.29.1-15-g9cfb28693d (webtiles) character file.

Game seed: 6212444194250056945

181999 promet the Tortoise (level 17, -1/138 HPs)
             Began as a Minotaur Fighter on Mar 16, 2023.
             Was a High Priest of Hepliaklqana.
             Killed by the raging water
             ... invoked by a water nymph
              (31 damage)
             ... on level 4 of the Shoals on Mar 21, 2023.
             The game lasted 07:52:56 (54569 turns).

promet the Tortoise (Minotaur Fighter)             Turns: 54569, Time: 07:52:57

Health: -1/138     AC: 32    Str: 25    XL:     17   Next: 69%
Magic:  29/29      EV:  9    Int: 15    God:    Hepliaklqana [*****.]
Gold:   3474       SH:  5    Dex: 12    Spells: 15/16 levels left

rFire   + . .      SeeInvis +   b - +4 arbalest (freeze)
rCold   . . .      Faith    .   (shield currently unavailable)
rNeg    + . .      Spirit   .   l - +5 plate armour "Qugrorho" {MP+9 Int+3}
rPois   .          Reflect  +   O - +2 hat {Int+3}
rElec   +          Harm     .   C - +2 cloak
rCorr   .          Rampage  .   Q - +0 pair of gloves "Okhloamu" {rN+ Int+2}
Will    ++...                   h - +0 pair of boots
Stlth   ..........              r - amulet of reflection
HPRegen 0.33/turn               x - ring of flight
MPRegen 0.21/turn               S - ring "Muac Wim" {rElec rF+ Will+ SInv}

@: flying
A: reduced essence, horns 2, retaliatory headbutt
a: Renounce Religion, Recall Ancestor, Ancestor Identity, Transference, Idealise


You were on level 4 of the Shoals.
You worshipped Hepliaklqana.
Hepliaklqana was extremely pleased with you.
You visited 6 branches of the dungeon, and saw 28 of its levels.

You collected 5511 gold pieces.
You spent 2037 gold pieces at shops.

Inventory:

Hand Weapons
 a - the +10 hammer "Heut" {vorpal, rC- Will+ Str+4}
   (You found it on level 6 of the Dungeon)

   It inflicts extra damage upon your enemies.
   Str:       It affects your strength (+4).
   rC:        It makes you vulnerable to cold.
   Will:      It increases your willpower.
 b - a +4 arbalest of freezing (weapon)
 c - the +7 great sword of Rotation {drain, Fly}
   (You found it on level 11 of the Dungeon)

   A truly terrible weapon, it drains the life of any living foe it strikes.
   Fly:       It grants you flight.
 d - a +4 dire flail of holy wrath
 e - the +5 sword of Power {vorpal}
   (You found it on level 13 of the Dungeon)

   It inflicts extra damage upon your enemies.
   It occasionally discharges a powerful but inaccurate bolt of energy upon
   striking a foe, with increased chance the greater the wielder's current
   health.
 f - the +5 longbow "Inecef" {speed, rF+ Will+ Str+3 Stlth+}
   (You found it on level 9 of the Dungeon)

   Attacks with this weapon are significantly faster.
   Str:       It affects your strength (+3).
   rF:        It protects you from fire.
   Will:      It increases your willpower.
   Stlth:     It makes you more stealthy.
 g - the +4 longbow of the Spider Nest {venom, Str+4 Dex-4}
   (You found it on level 5 of the Lair of Beasts)

   Any ammunition fired from it poisons the flesh of those it strikes.
   Str:       It affects your strength (+4).
   Dex:       It affects your dexterity (-4).
 A - a +5 battleaxe of venom
 B - a +4 demon trident of flaming
 E - a +0 antimagic flail
 H - a +6 vampiric lajatang
Missiles
 i - 4 datura-tipped darts
 D - 18 javelins
 F - 42 boomerangs
 K - 73 poisoned darts
 R - 4 curare-tipped darts
Armour
 h - a +0 pair of boots (worn)
 l - the +5 plate armour "Qugrorho" (worn) {MP+9 Int+3}
   (You found it on level 3 of the Lair of Beasts)

   Int:       It affects your intelligence (+3).
   MP:        It affects your magic capacity (+9).
 C - a +2 cloak (worn)
 O - a +2 hat of intelligence (worn)
 Q - the +0 pair of gloves "Okhloamu" (worn) {rN+ Int+2}
   (You bought it in a shop on level 2 of the Orcish Mines)

   Int:       It affects your intelligence (+2).
   rN:        It protects you from negative energy.
Jewellery
 j - the ring of Xom's Envy {AC+4 Int+3 SInv}
   (You bought it in a shop on level 10 of the Dungeon)

   [ring of protection]

   AC:        It affects your AC (+4).
   Int:       It affects your intelligence (+3).
   SInv:      It lets you see invisible.
 n - a +4 ring of slaying
 r - an amulet of reflection (around neck)
 x - a ring of flight (left hand)
 I - a ring of willpower
 M - a ring of protection from fire
 P - an amulet of regeneration
 S - the ring "Muac Wim" (right hand) {rElec rF+ Will+ SInv}
   (You bought it in a shop on level 2 of the Orcish Mines)

   [ring of see invisible]

   rF:        It protects you from fire.
   rElec:     It insulates you from electricity.
   SInv:      It lets you see invisible.
   Will:      It increases your willpower.
 U - the necklace of Bloodlust {*Rage Will++ Int-3 Slay+6}
   (You found it on level 13 of the Dungeon)

   [amulet of nothing]

   It extends the wearer's berserk rage when killing foes.
   Int:       It affects your intelligence (-3).
   Slay:      It affects your accuracy & damage with ranged weapons and melee
   (+6).
   *Rage:     It berserks you when you make melee attacks (+50% chance).
   Will:      It greatly increases your willpower.
 V - a +6 ring of dexterity
Wands
 p - a wand of charming (27)
 s - a wand of flame (35)
 y - a wand of roots (23)
 z - a wand of mindburst (30)
Scrolls
 k - 7 scrolls of fog
 m - a scroll of blinking
 v - 4 scrolls of teleportation
 w - 2 scrolls of fear
 G - 3 scrolls of summoning
 W - 3 scrolls of magic mapping
 Y - 9 scrolls of poison
 Z - a scroll of silence
Potions
 q - 4 potions of attraction
 J - 3 potions of cancellation
 L - a potion of resistance
 T - a potion of haste
 X - 3 potions of might
Miscellaneous
 o - a tin of tremorstones (1/2)
 t - a phantom mirror


   Skills:
 + Level 14.5 Fighting
 + Level 10.1 Long Blades
 + Level 11.4(14.1) Axes
 + Level 13.0(14.7) Maces & Flails
 + Level 3.9(8.3) Polearms
 + Level 16.4 Ranged Weapons
 * Level 7.5 Throwing
 + Level 16.9 Armour
 + Level 3.7 Dodging
 + Level 8.1 Stealth
 + Level 7.4 Shields
 + Level 0.3 Spellcasting
 + Level 6.4 Invocations
 + Level 6.1 Evocations


You had 15 spell levels left.
You knew the following spells:

 Your Spells              Type           Power      Damage    Failure   Level
a - Magic Dart            Conj           0%         1d3       86%         1

Your spell library contained the following spells:

 Spells                   Type           Power      Damage    Failure   Level
 Necrotise                Necr           0%         1d4       86%         1
 Slow                     Hex            0%         N/A       86%         1
 Static Discharge         Conj/Air       0%         3-3/arc   94%         2
 Call Imp                 Summ           0%         N/A       95%         2
 Ensorcelled Hibernation  Hex/Ice        0%         N/A       95%         2
 Passwall                 Tmut/Erth      0%         N/A       95%         2
 Confusing Touch          Hex            0%         N/A       99%         3
 Inner Flame              Hex/Fire       0%         N/A       99%         3
 Mephitic Cloud           Conj/Pois/Air  0%         N/A       99%         3
 Portal Projectile        Hex/Tloc       0%         N/A       99%         3
 Swiftness                Air            0%         N/A       99%         3
 Tukima's Dance           Hex            0%         N/A       99%         3
 Vampiric Draining        Necr           0%         2d6       99%         3
 Cause Fear               Hex            0%         N/A       100%        4
 Corpse Rot               Necr/Pois/Air  0%         N/A       100%        4
 Dispel Undead            Necr           0%         3d6       100%        4
 Passage of Golubria      Tloc           0%         N/A       100%        4
 Petrify                  Tmut/Erth      0%         N/A       100%        4
 Sticky Flame             Conj/Fire      0%         2d3       100%        4
 Agony                    Necr           0%         N/A       100%        5
 Blade Hands              Tmut           0%         N/A       100%        5
 Metabolic Englaciation   Hex/Ice        0%         N/A       100%        5
 Silence                  Hex/Air        0%         N/A       100%        5
 Death Channel            Necr           0%         N/A       100%        6
 Statue Form              Tmut/Erth      0%         N/A       100%        6
 Discord                  Hex            0%         N/A       100%        8
 Lehudib's Crystal Spear  Conj/Erth      0%         10d2      100%        8


Dungeon Overview and Level Annotations

Branches:
Dungeon (15/15)            Temple (1/1) D:5            Lair (5/5) D:9
 Shoals (4/4) Lair:3       Spider (0/4) Lair:2        Slime (1/5) Lair:4
    Orc (2/2) D:12            Elf (0/3) Orc:2        Vaults (0/5) D:14
 Depths (0/4) D:15

Altars:
Ashenzari
Dithmenos
Elyvilon
Fedhas
Gozag
Hepliaklqana
Kikubaaqudgha
Makhleb
Nemelex Xobeh
Okawaru
Ru
Sif Muna
Trog
Vehumet
Xom
Yredelemnul

Shops:
D:10 =   D:13 =   D:14 =   Orc:2 (*[=

Annotations:
D:3 3 runed translucent doors, Ast3rio's ghost, amateur GnCA


Innate Abilities, Weirdness & Mutations

Your life essence is reduced to manifest your ancestor. (-10% HP)
You have a pair of horns on your head.
You reflexively headbutt those who attack you in melee.


Message History

Fire: b) +4 arbalest (freeze)
Press: ? - help, Q - select action, (/) - cycle Shift-Dir - straight line, f/p - satyr
Aim: a satyr, wielding a +0 longbow (heavily wounded, 67% to hit)
You shoot a bolt. The bolt closely misses the satyr.
The satyr plays a frightful melody on his pipes!
The satyr radiates an aura of fear!
You resist with almost no effort.
Fire: b) +4 arbalest (freeze)
Press: ? - help, Q - select action, (/) - cycle Shift-Dir - straight line, f/p - satyr
Aim: a satyr, wielding a +0 longbow (heavily wounded, 67% to hit)
You shoot a bolt. The bolt closely misses the satyr.
The satyr shoots an arrow.
You reflect the arrow off an invisible shield around you!
The arrow hits the satyr!!
You kill the satyr!
You hear a splash. x2
A water nymph comes into view.
Fire: b) +4 arbalest (freeze)
Press: ? - help, Q - select action, (/) - cycle Shift-Dir - straight line, f - water nymph
Aim: a water nymph (65% to hit)
You shoot a bolt. The bolt hits the water nymph.
The bolt freezes the water nymph.
The water nymph is lightly wounded.
Fire: b) +4 arbalest (freeze)
Press: ? - help, Q - select action, (/) - cycle Shift-Dir - straight line, f/p - water nymph
Aim: a water nymph (water, lightly wounded, 65% to hit)
You shoot a bolt. The bolt hits the water nymph!
The bolt freezes the water nymph.
The water nymph is moderately wounded.
The water nymph casts a spell at you. The water rises up and strikes you!!!
The water nymph casts a spell at you. The water rises up and strikes you!!!
* * * LOW HITPOINT WARNING * * *
You feel better.
As you read the scroll of teleportation, it crumbles to dust.
You feel strangely unstable.
Your surroundings seem slightly different.
The water nymph gestures at you while chanting.
The water rises up and strikes you!!
You die...

.~..≈≈≈≈≈≈≈≈≈≈≈#######
#..#≈≈≈≈≈≈≈≈≈≈≈#######
.....#≈≈≈≈≈≈≈m≈≈≈#######
~...##≈≈≈≈≈≈≈≈≈≈≈#######
...##≈≈≈≈≈≈≈≈≈≈≈≈#######
..##≈≈≈≈≈≈≈≈≈≈≈≈≈#######
.#.≈≈≈≈≈≈≈≈≈≈≈≈≈≈#######
≈≈≈≈≈≈≈≈≈≈≈≈≈≈≈≈≈#######
≈≈≈≈≈≈≈≈≈≈≈≈≈≈≈≈@#######
≈≈≈≈≈≈≈≈≈≈≈≈≈≈≈≈≈#######
≈≈≈≈≈≈≈≈≈≈≈≈≈≈≈≈≈#######
≈≈≈≈≈≈≈≈≈≈≈≈≈≈≈≈≈#######
≈≈≈≈≈≈≈≈≈≈≈≈≈≈≈≈≈#######
≈≈≈≈≈≈≈≈≈≈≈≈≈≈≈≈≈#######
≈≈≈≈≈≈≈≈≈≈≈≈≈≈≈≈≈#######
≈≈≈≈≈≈≈≈≈≈≈≈≈≈≈≈≈#######
≈≈≈≈≈≈≈≈≈≈≈≈≈≈≈≈≈#######


You could see a water nymph.

Vanquished Creatures
  Nikola (Shoals:1)
  A tengu reaver (D:13)
  A sphinx (Shoals:4)
  Kirke (Shoals:1)
  An orc warlord (Orc:2)
  2 stone giants
  Azrael (D:14)
  A dire elephant (Lair:3)
  2 minotaurs (D:11)
  5 merfolk impalers
  3 ettins
  A merfolk javelineer (Shoals:2)
  An ice dragon (Lair:4)
  8 vault guards (D:13)
  4 hydras
  Erolcha (D:13)
  2 boulder beetles
  A death knight (D:14)
  2 anacondas (Lair:3)
  3 catoblepae
  2 alligator snapping turtles
  7 satyrs
  6 centaur warriors
  18 death yaks
  5 two-headed ogres
  An orc high priest (Orc:2)
  2 tengu warriors
  Urug (Orc:1)
  6 skeletal warriors
  A deep troll (D:14)
  5 sea snakes
  3 lindwurms (Lair:5)
  3 orc knights (Orc:2)
  7 ugly things
  8 harpies
  2 wizards
  A deep elf pyromancer (D:15)
  2 orc sorcerers (Orc:2)
  An oklob plant (Lair:5)
  15 manticores
  10 cyclopes
  7 black mambas
  An elephant (shapeshifter) (D:14)
  9 fauns
  7 merfolk sirens
  2 water nymphs
  A gargoyle (D:12)
  2 torpor snails
  10 cane toads
  2 elephants (Lair:4)
  A rime drake (shapeshifter) (D:15)
  2 kobold demonologists (D:12)
  2 unseen horrors
  4 rime drakes
  5 komodo dragons
  An efreet (D:12)
  3 freezing wraiths
  7 yaktaurs
  2 tengu conjurers
  2 meliai (D:14)
  5 trolls
  A wind drake (Shoals:1)
  A polar bear (Lair:3)
  A wind drake (shapeshifter) (D:12)
  16 dream sheep
  18 merfolk
  24 slime creatures
  10 blink frogs
  6 snapping turtles
  A jumping spider (Lair:2)
  A culicivora (Lair:2)
  3 wraiths
  2 wyverns
  6 water elementals
  A vampire (D:10)
  2 shadows (D:12)
  A human (D:12)
  40 yaks
  3 fire elementals (D:14)
  2 basilisks
  9 vampire mosquitoes
  A warg (D:12)
  2 acid dragons
  2 hell hounds (D:14)
  12 water moccasins
  3 sky beasts
  Duvessa (D:6)
  21 orc warriors
  A black bear (Lair:3)
  19 wolves
  3 ogres (Orc:2)
  22 centaurs
  11 kobold brigands (D:10)
  4 necrophages
  2 gnoll sergeants
  6 bullfrogs
  5 scorpions
  10 wights
  Dowan (D:6)
  6 killer bees
  2 electric eels (D:11)
  An oklob sapling (D:5)
  10 orc priests
  2 gnoll boudas
  6 hounds
  5 jellies
  7 iguanas
  Crazy Yiuf (D:6)
  14 orc wizards
  4 hexers
  18 gnolls
  6 adders
  4 white imps
  An ufetubus (D:6)
  2 worms
  3 dart slugs
  45 orcs
  8 endoplasms
  3 giant cockroaches
  5 goblins
  4 hobgoblins
  2 jackals (D:4)
  2 quokkas
  3 ball pythons
  7 bats
  6 frilled lizards
  11 kobolds
  5 rats
690 creatures vanquished.

Vanquished Creatures (collateral kills)
  Polyphemus (Shoals:3)
  Gastronok (D:9)
  A tengu reaver (D:13)
  Donald (Shoals:1)
  Ilsuiw (Shoals:3)
  A dire elephant (Lair:3)
  2 merfolk javelineers
  A merfolk impaler (Shoals:3)
  An ogre mage (D:14)
  A merfolk avatar (Shoals:4)
  A boulder beetle (D:15)
  2 merfolk aquamancers
  4 hydras
  A centaur warrior (D:13)
  A two-headed ogre (D:9)
  A catoblepas (Lair:5)
  A tengu warrior (D:14)
  4 death yaks
  An orc high priest (Orc:2)
  A hell knight (D:15)
  A sea snake (Shoals:4)
  A skeletal warrior (D:14)
  A wizard (D:15)
  A necromancer (D:15)
  A deep elf pyromancer (D:12)
  2 fauns (Shoals:2)
  2 orc knights
  5 cyclopes
  2 orc sorcerers (Orc:2)
  5 slime creatures
  A faun (shapeshifter) (D:13)
  4 ugly things
  5 manticores
  A merfolk siren (Shoals:2)
  2 water nymphs
  A black mamba (Lair:5)
  An elephant (Lair:4)
  A gargoyle (D:13)
  3 cane toads
  3 komodo dragons
  A kobold demonologist (D:10)
  A rime drake (Lair:5)
  2 yaktaurs (D:11)
  A meliai (D:14)
  A troll (D:12)
  3 wind drakes
  8 merfolk
  8 blink frogs
  12 dream sheep
  3 snapping turtles
  A jumping spider (Lair:2)
  A hog (Shoals:1)
  2 water elementals (Shoals:3)
  17 yaks
  3 basilisks
  Edmund (D:6)
  3 vampire mosquitoes
  Menkaure (D:7)
  4 wargs
  5 water moccasins
  A hell hound (D:14)
  6 orc warriors
  A sky beast (D:7)
  3 centaurs
  8 wolves
  A phantom (D:6)
  2 ogres
  3 kobold brigands (D:10)
  3 bullfrogs
  A necrophage (D:6)
  A killer bee (D:9)
  A gnoll bouda (D:10)
  8 orc priests
  9 orc wizards
  6 gnolls
  A white imp (Lair:4)
  15 orcs
  3 kobolds (D:12)
  A bush (Lair:3)
223 creatures vanquished.

Vanquished Creatures (others)
  A harpy (Shoals:2)
  A yak (D:9)
  5 humans (Shoals:1)
  44 hexers
  3 ancestors (D:9)
  48 fungi
  129 plants
231 creatures vanquished.

Grand Total: 1144 creatures vanquished

Notes
Turn   | Place    | Note
-------+----------+-------------------------------------------
     0 | D:1      | promet the Minotaur Fighter began the quest for the Orb.
     0 | D:1      | Reached XP level 1. HP: 19/19 MP: 0/0
   233 | D:1      | Reached XP level 2. HP: 25/27 MP: 1/1
   784 | D:2      | Reached XP level 3. HP: 33/33 MP: 2/2
  1672 | D:3      | Found a faded altar of an unknown god.
  1887 | D:3      | Reached XP level 4. HP: 29/41 MP: 3/3
  2239 | D:3      | Found a runed translucent gate.
  2239 | D:3      | Found a runed translucent gate.
  2294 | D:3      | Found a runed translucent gate.
  2309 | D:3      | Noticed Ast3rio's ghost (amateur GnCA)
  2676 | D:4      | Noticed a necrophage
  2676 | D:4      | Noticed a scorpion
  2726 | D:4      | Noticed a scorpion
  2748 | D:3      | Killed a scorpion
  2749 | D:3      | Reached XP level 5. HP: 27/47 MP: 4/4
  2754 | D:3      | Reached skill level 5 in Armour
  3274 | D:4      | Reached XP level 6. HP: 52/55 MP: 5/5
  3497 | D:4      | Reached skill level 5 in Axes
  3754 | D:5      | Entered Level 5 of the Dungeon
  3870 | D:5      | Reached skill level 1 in Dodging
  4056 | D:5      | Reached XP level 7. HP: 24/60 MP: 6/6
  4242 | D:5      | Found a staircase to the Ecumenical Temple.
  4260 | D:5      | Reached skill level 5 in Fighting
  4263 | Temple   | Entered the Ecumenical Temple
  4298 | Temple   | Became a worshipper of Hepliaklqana the Forgotten
  4510 | D:5      | Found a white marble altar of Elyvilon.
  4759 | D:5      | Reached skill level 1 in Throwing
  4914 | D:5      | You fall into a shaft and drop 2 floors!
  4979 | D:7      | Reached skill level 1 in Stealth
  5111 | D:6      | Reached XP level 8. HP: 36/68 MP: 7/7
  5372 | D:6      | Noticed Duvessa
  5372 | D:6      | Noticed Dowan
  5379 | D:6      | Killed Duvessa
  5385 | D:6      | Killed Dowan
  5624 | D:6      | Reached skill level 5 in Shields
  5760 | D:6      | Found a runed translucent door.
  5761 | D:6      | Noticed Crazy Yiuf
  5769 | D:6      | Killed Crazy Yiuf
  5781 | D:6      | Identified the +10 hammer "Heut" {vorpal, rC- Will+ Str+4}
  5944 | D:6      | Noticed Edmund
  5949 | D:6      | Killed Edmund
  5960 | D:6      | Reached skill level 1 in Maces & Flails
  6330 | D:5      | Reached XP level 9. HP: 75/75 MP: 8/8
  7285 | D:6      | Found a shadowy altar of Dithmenos.
  7737 | D:7      | Found an iron altar of Okawaru.
  7737 | D:7      | Found an opulent altar of Gozag.
  7963 | D:7      | Identified a scroll of acquirement
  7963 | D:7      | Acquired a ring of flight
  8025 | D:7      | Reached * piety under Hepliaklqana
  8065 | D:7      | Reached skill level 5 in Maces & Flails
  8534 | D:7      | Found a blossoming altar of Fedhas.
  8669 | D:7      | Noticed Menkaure
  8682 | D:7      | Killed Menkaure
 10302 | D:9      | Noticed a death yak
 10302 | D:9      | Noticed a death yak
 10302 | D:9      | Noticed a death yak
 10302 | D:9      | Found a staircase to the Lair.
 10302 | D:9      | Noticed a death yak
 10303 | D:9      | Noticed a death yak
 10330 | D:8      | Killed a death yak
 10331 | D:8      | Reached skill level 1 in Evocations
 10331 | D:8      | Reached XP level 10. HP: 27/75 MP: 9/9
 10762 | D:9      | Reached skill level 10 in Armour
 10830 | D:9      | Killed a death yak
 11097 | D:9      | Reached ** piety under Hepliaklqana
 11098 | D:9      | Remembered your ancestor Lohsa as a hexer
 11226 | D:9      | Killed a death yak
 11241 | D:9      | Killed a death yak
 11242 | D:9      | Reached skill level 5 in Throwing
 11472 | D:9      | Killed a death yak
 11946 | D:9      | Identified the +5 longbow "Inecef" {speed, rF+ Will+ Str+3
                  | Stlth+}
 12077 | D:9      | Reached XP level 11. HP: 82/82 MP: 10/10
 12200 | D:9      | Noticed Gastronok
 12218 | D:9      | Killed Gastronok
 12575 | D:10     | Entered Level 10 of the Dungeon
 12674 | D:9      | Noticed a two-headed ogre
 12681 | D:9      | Killed a two-headed ogre
 12809 | D:10     | Noticed a two-headed ogre
 12834 | D:10     | Killed a two-headed ogre
 13051 | D:10     | Reached skill level 5 in Ranged Weapons
 13065 | D:10     | Noticed a soul eater
 14300 | D:10     | Noticed a two-headed ogre
 14324 | D:10     | Killed a two-headed ogre
 14873 | D:10     | Found Kianou Asali's Jewellery Shop.
 14970 | Lair:1   | Entered Level 1 of the Lair of Beasts
 15305 | Lair:1   | Noticed a five-headed hydra
 15321 | Lair:1   | Killed a five-headed hydra
 15537 | Lair:1   | You are sucked into a shaft and drop 1 floor!
 15541 | Lair:2   | Reached XP level 12. HP: 92/92 MP: 8/11
 15783 | Lair:2   | Noticed a five-headed hydra
 15790 | Lair:2   | Killed a five-headed hydra
 15989 | Lair:1   | Reached *** piety under Hepliaklqana
 17153 | Lair:2   | Reached skill level 10 in Maces & Flails
 17377 | Lair:2   | Noticed a five-headed hydra
 17386 | Lair:2   | Killed a five-headed hydra
 17897 | Lair:2   | Found a hole to the Spider Nest.
 18160 | Lair:3   | Reached **** piety under Hepliaklqana
 18238 | Lair:3   | Noticed an anaconda
 18249 | Lair:3   | Killed an anaconda
 18250 | Lair:3   | Reached skill level 10 in Ranged Weapons
 18319 | Lair:3   | Noticed an anaconda
 18508 | Lair:3   | Killed an anaconda
 18632 | Lair:3   | Noticed a five-headed hydra
 18645 | Lair:3   | Killed a five-headed hydra
 18646 | Lair:3   | Reached XP level 13. HP: 84/100 MP: 12/12
 18979 | Lair:3   | Noticed a dire elephant
 18979 | Lair:3   | Noticed a dire elephant
 18999 | Lair:3   | Killed a dire elephant
 19042 | Lair:3   | Killed a dire elephant
 19043 | Lair:3   | Reached skill level 10 in Fighting
 19327 | Lair:3   | Identified the +5 plate armour "Qugrorho" {MP+9 Int+3}
 19584 | Lair:3   | Found a staircase to the Shoals.
 19604 | Lair:3   | Identified the +1 chain mail "Juleemer" {rC- Int+3 Slay+3}
 20444 | Lair:4   | Found a staircase to the Slime Pits.
 20459 | Lair:4   | Acquired 786 gold pieces
 20739 | Lair:4   | Reached skill level 1 in Long Blades
 21184 | Lair:4   | Reached skill level 1 in Invocations
 21912 | Lair:5   | Entered Level 5 of the Lair of Beasts
 21985 | Slime:1  | Entered Level 1 of the Pits of Slime
 22134 | Lair:5   | Reached skill level 1 in Polearms
 22300 | Lair:5   | Reached XP level 14. HP: 104/109 MP: 15/15
 22588 | Lair:5   | Reached ***** piety under Hepliaklqana
 25006 | Lair:4   | Reached skill level 5 in Stealth
 25274 | Lair:5   | Acquired 890 gold pieces
 25313 | Lair:5   | Reached skill level 15 in Armour
 25313 | Lair:5   | Reached skill level 5 in Invocations
 25404 | Lair:5   | Identified the +4 longbow of the Spider Nest {venom, Str+4
                  | Dex-4}
 26945 | D:11     | Identified the +0 ring mail "Jeer" {rPois}
 28169 | D:11     | Identified the +7 great sword of Rotation {drain, Fly}
 29344 | D:11     | Reached XP level 15. HP: 118/118 MP: 18/18
 29898 | D:12     | Found a staircase to the Orcish Mines.
 31737 | D:10     | Bought the ring of Xom's Envy {AC+4 Int+3 SInv} for 909
                  | gold pieces
 31809 | Orc:1    | Entered Level 1 of the Orcish Mines
 32469 | Orc:1    | Noticed Urug
 32476 | Orc:1    | Killed Urug
 32706 | Orc:2    | Entered Level 2 of the Orcish Mines
 32778 | Orc:2    | Found a staircase to the Elven Halls.
 33568 | Orc:2    | Noticed an orc warlord
 33741 | Orc:2    | Killed an orc warlord
 33742 | Orc:2    | Reached skill level 5 in Long Blades
 35012 | Orc:2    | Found Ybypreuts's General Store.
 35018 | Orc:2    | Found Egigopn's Antique Weapon Shoppe.
 35026 | Orc:2    | Found Idghos's Antique Armour Shoppe.
 35040 | Orc:2    | Found Roeklac's Jewellery Shoppe.
 36435 | Orc:2    | Bought a pair of jewelled gloves for 380 gold pieces
 36435 | Orc:2    | Identified the +0 pair of gloves "Okhloamu" {rN+ Int+2}
                  | (You bought it in a shop on level 2 of the Orcish Mines)
 36474 | Orc:2    | Bought the ring "Muac Wim" {rElec rF+ Will+ SInv} for 748
                  | gold pieces
 36596 | D:13     | Found the necklace of Bloodlust {*Rage Will++ Int-3 Slay+6}
 36990 | D:13     | Noticed Erolcha
 37001 | D:13     | Killed Erolcha
 37014 | D:13     | Found Xulo's Jewellery Shoppe.
 37474 | D:13     | Identified the +6 mace "Suirr" {vorpal, rF+ Int+2 Dex-5}
 37541 | D:13     | Noticed a tengu reaver
 37600 | D:13     | Killed a tengu reaver
 37642 | D:13     | Noticed a tengu reaver
 37962 | D:13     | Killed a tengu reaver
 38142 | D:13     | Found the +5 sword of Power {vorpal}
 38640 | D:13     | Reached skill level 15 in Ranged Weapons
 39159 | D:13     | Found a hazy altar of Hepliaklqana.
 39442 | D:14     | Found a gate to the Vaults.
 39477 | D:14     | Reached skill level 10 in Axes
 39526 | D:14     | Reached XP level 16. HP: 126/126 MP: 19/19
 40500 | D:14     | Noticed Azrael
 40820 | D:14     | Killed Azrael
 41325 | D:14     | Found Ugonag's Jewellery Shoppe.
 41535 | D:15     | Entered Level 15 of the Dungeon
 42424 | D:15     | Reached skill level 5 in Evocations
 43266 | D:15     | Learned a level 1 spell: Magic Dart
 43453 | D:15     | Found a staircase to the Depths.
 44181 | Shoals:1 | Entered Level 1 of the Shoals
 44581 | Shoals:1 | Noticed Kirke
 44587 | Shoals:1 | Killed Kirke
 44617 | Shoals:1 | Identified the +5 kite shield of a treasure trove {Str+3}
 44617 | Shoals:1 | Noticed Donald
 44644 | Shoals:1 | Killed Donald
 45253 | Shoals:1 | Noticed Nikola
 45300 | Shoals:1 | Killed Nikola
 47170 | Shoals:2 | Reached XP level 17. HP: 88/135 MP: 20/20
 50951 | Shoals:3 | Noticed Ilsuiw
 50959 | Shoals:3 | Reached skill level 10 in Long Blades
 51552 | Shoals:3 | Killed Ilsuiw
 51873 | Shoals:3 | Noticed Polyphemus
 51935 | Shoals:3 | Killed Polyphemus
 52948 | Shoals:4 | Entered Level 4 of the Shoals
 53153 | Shoals:4 | Acquired 1030 gold pieces
 54569 | Shoals:4 | Killed from afar by a water nymph

Illustrated notes

Levels and vault maps discovered:
D:1:      reono_arrival_forest_river, layout_rooms, serial_forest,
          infiniplex_forest_lined_room_, infiniplex_forest_clump_medium,
          infiniplex_forest_straight_2, infiniplex_forest_clump_double,
          infiniplex_forest_lined_2, minmay_tetromino_l4
D:2:      layout_basic
D:3:      layout_loops_corners, ebering_ghost_rock_garden,
          shapermc_ecumenical_altar_ellora
D:4:      layout_loops_ring, minivault_23, minmay_misc_feat_pillars,
          serial_park_tiny_pond, eino_tiny_chamber
D:5:      layout_rooms, lemuel_coloured_pillars_altar,
          minmay_temple_entry_oklob, grunt_tough_drop
D:6:      layout_rooms, nicolae_dithmenos_the_darkroom, kennysheep_small_spiral,
          uniq_duvessa, uniq_crazy_yiuf_cottage, uniq_edmund
D:7:      layout_loops_ring, kennysheep_mini,
          mainiacjoe_overflow_large_starburst, minmay_liquid_box, uniq_menkaure
D:8:      layout_basic
D:9:      layout_loops_ring, dpeg_lair_monsters, uniq_gastronok
D:10:     layout_roguey, special_room [special_room_kobold], serial_shops,
          nicolae_shop_stone
D:11:     fort_yaktaur, layout_basic
D:12:     kennysheep_scales, layout_loops_corners, erik_orc_4
D:13:     minmay_guarded_unrand_sword_of_power, layout_stronghold, serial_shops,
          nicolae_stop_n_shop_1, nicolae_hepliaklqana_hippocampus, uniq_erolcha
D:14:     layout_basic, david_vaults_2, serial_shops, shop_statue, uniq_azrael
D:15:     hangedman_depths_entry_civil_slaughter, layout_cross,
          dk_noncrumbling_3
Temple:   nicolae_temple_bog_church
Lair:1:   layout_gridlike, chequers_serial_rivers_small_3, serial_bayou_pond_d
Lair:2:   layout_roguey, spider_nest_entry_funnel_web, serial_bayou_pond_b,
          serial_bayou_pond_d
Lair:3:   layout_roguey, minmay_shoals_entry_hut, nicolae_lair_lakeside_cave,
          grunt_megastairs_2
Lair:4:   layout_regular_city, slime_entry_1, bobbens_ice_dragon_lair
Lair:5:   evilmike_catoblepas_cave, layout_cave_pods, enter_volcano_2,
          nicolae_lair_lindhole
Shoals:1: layout_shoals, uniq_nikola, uniq_kirke, uniq_donald
Shoals:2: layout_shoals, st_cyclops
Shoals:3: layout_shoals, nicolae_shoals_square_sea_wall,
          nicolae_shoals_flooded_hall, uniq_ilsuiw, uniq_polyphemus
Shoals:4: shoals_end_hellmonk_lost_city
Slime:1:  layout_caves, basic_altar, nicolae_slime_barrier
Orc:1:    layout_caves, uniq_urug
Orc:2:    grunt_orc_cross, layout_caves, minmay_orc_keep

Skill      XL: |  1  2  3  4  5  6  7  8  9 10 11 12 13 14 15 16 17 |
---------------+----------------------------------------------------+-----
Fighting       | 4 5 6 7 8 9 10 12 13 14 | 14.5
Armour         | 4 5 6 7 8 9 11 13 14 15 16 | 16.9
Axes           | 3 4 5 7 8 9 10 11 | 11.4
Shields        | 4 5 6 7 |  7.4
Dodging        | 1 2 3 |  3.7
Throwing       | 1 2 3 5 6 7 |  7.5
Stealth        | 1 2 4 5 6 7 8 |  8.1
Maces & Flails | 1 6 8 9 10 11 12 13 | 13.0
Evocations     | 1 3 4 6 |  6.1
Ranged Weapons | 7 10 12 14 15 16 | 16.4
Long Blades    | 1 9 10 | 10.1
Invocations    | 2 6 |  6.4
Polearms       | 1 3 |  3.9
Spellcasting   | |  0.3

Action                   |  1- 3 |  4- 6 |  7- 9 | 10-12 | 13-15 | 16-18 || total
-------------------------+-------+-------+-------+-------+-------+-------++-------
Melee: War axe           |   101 |    69 |    87 |     5 |    72 |       ||   334
       Headbutt          |    15 |    10 |    41 |    52 |   176 |   104 ||   398
       Mace              |       |       |   116 |   252 |   344 |   225 ||   937
       Punch             |       |       |       |     6 |     4 |     5 ||    15
       Dire flail        |       |       |       |       |    13 |    19 ||    32
       Scimitar          |       |       |       |       |    10 |       ||    10
       Trident           |       |       |       |       |     9 |       ||     9
       Battleaxe         |       |       |       |       |    10 |    58 ||    68
       Great sword       |       |       |       |       |   143 |    53 ||   196
       Spear             |       |       |       |       |     5 |       ||     5
       Bardiche          |       |       |       |       |     4 |    20 ||    24
       Flail             |       |       |       |       |       |     1 ||     1
       Demon trident     |       |       |       |       |       |    22 ||    22
 Fire: Longbow           |       |       |       |   139 |   470 |    41 ||   650
       Arbalest          |       |       |       |       |   105 |   336 ||   441
Throw: Stone             |     4 |    14 |    24 |       |       |       ||    42
       Boomerang         |       |       |    26 |    38 |    37 |    23 ||   124
       Dart              |       |       |       |       |     7 |     5 ||    12
 Cast: Magic Dart        |       |       |       |       |       |     7 ||     7
Invok: Ancestor Identity |       |       |     1 |       |       |       ||     1
       Ancestor Life: He |       |       |       |     1 |       |       ||     1
       Recall Ancestor   |       |       |       |     5 |     8 |     8 ||    21
       Idealise          |       |       |       |       |     1 |     5 ||     6
Evoke: Wand              |       |       |       |    15 |     9 |    11 ||    35
       Phial of floods   |       |       |       |       |     2 |     1 ||     3
       Tin of tremorston |       |       |       |       |     1 |     5 ||     6
  Use: Scroll            |     4 |     3 |    12 |     5 |    14 |    13 ||    51
       Potion            |       |     1 |     4 |     3 |     2 |    16 ||    26
 Stab: Confused          |       |       |       |    10 |    14 |     7 ||    31
       Distracted        |       |       |       |     4 |    12 |    10 ||    26
       Paralysed         |       |       |       |       |    25 |    32 ||    57
Armor: Scale mail        |    27 |    17 |    71 |       |       |       ||   115
       Chain mail        |       |       |    10 |    25 |       |       ||    35
       Plate armour      |       |       |       |   164 |   523 |   324 ||  1011
       Skin              |       |       |       |       |       |     2 ||     2
Dodge: Dodged            |    35 |    31 |    85 |   129 |   276 |   187 ||   743
Block: Buckler           |    24 |    14 |    42 |     7 |       |       ||    87
       Other             |       |       |       |       |    52 |   105 ||   157
       Reflection        |       |       |       |       |     5 |    33 ||    38
